 Dungeon Crawl Stone Soup version 0.15.2 (webtiles) character file.

48158 Heini the Bludgeoner (level 14, 0/135 HPs)
             Began as a Minotaur Fighter on Feb 4, 2015.
             Was the Champion of Okawaru.
             Killed by vampiric draining
             ... invoked by Josephine
              (6 damage)
             ... on Level 3 of the Orcish Mines.
             The game lasted 00:59:14 (21968 turns).

Heini the Bludgeoner (Minotaur Fighter)            Turns: 21968, Time: 00:59:14

HP   0/135       AC 19     Str 27      XL: 14   Next: 11%
MP   5/5         EV  8     Int  5      God: Okawaru [******]
Gold 1824        SH  0     Dex 12      Spells:  0 memorised, 13 levels left

rFire  . . .     SeeInvis .     S - +0 dire flail
rCold  . . .     Clarity  .     R - +0 plate armour
rNeg   . . .     rCorr    .     (no shield)
rPois  .         rRot     .     (helmet restricted)
rElec  .         Spirit   .     M - +2 cloak
SustAb .         Warding  .     y - +0 pair of gloves
rMut   .         Stasis   .     C - +0 pair of boots {Stlth+}
Gourm  +                        w - amulet of the gourmand
MR     ++...                    D - ring of protection from magic
                                k - +3 ring of dexterity

@: very resistant to hostile enchantments, extremely unstealthy
A: retaliatory headbutt, horns 2, deformed body
a: Heroism, Finesse, Renounce Religion


You were on level 3 of the Orcish Mines.
You worshipped Okawaru.
Okawaru was exalted by your worship.
You were very full.

You visited 4 branches of the dungeon, and saw 23 of its levels.

You collected 1824 gold pieces.

Inventory:

Hand weapons
 S - a +0 dire flail (weapon)
Armour
 y - a +0 pair of gloves (worn)
 C - a +0 pair of boots of stealth (worn)
 M - a +2 cloak (worn)
 R - a +0 plate armour (worn)
Magical devices
 b - a wand of paralysis (14)
 c - a wand of lightning (2) {unknown}
 q - a wand of flame (10)
 L - a wand of teleportation (6) {unknown}
 N - a wand of confusion (17) {unknown}
 T - a wand of random effects (8) {unknown}
 X - a wand of frost (13)
Comestibles
 d - 18 bread rations
 h - 18 fruits
 r - 8 meat rations
 v - 5 beef jerkies
 F - 3 slices of pizza
Scrolls
 f - 5 scrolls of enchant weapon
 i - 9 scrolls of identify
 j - 12 scrolls of remove curse
 m - 6 scrolls of enchant armour
 n - a scroll of fear
 p - 9 scrolls of fog
 u - 6 scrolls of teleportation
 H - 3 scrolls of amnesia
 J - a scroll of recharging
 O - a scroll of blinking
 W - a scroll of vulnerability
 Z - 2 scrolls of summoning
Jewellery
 k - a +3 ring of dexterity (left hand)
 l - an uncursed amulet of stasis
 w - an amulet of the gourmand (around neck)
 z - the amulet "Xeorostra" {Ward +Blink +Rage +Fly rPois rN+ Slay-4}
   (You found it on level 7 of the Dungeon)

   [amulet of warding]

   It may prevent the melee attacks of summoned creatures.
   It affects your accuracy and damage with ranged weapons and melee attacks
   (-4).
   It protects you from poison.
   It protects you from negative energy.
   It lets you fly.
   It lets you blink.
   It lets you go berserk.
 B - an uncursed ring of wizardry
 D - a ring of protection from magic (right hand)
 E - an uncursed ring of teleportation
 V - an uncursed amulet of guardian spirit
Potions
 a - 2 potions of might
 g - 3 potions of invisibility
 o - 5 potions of brilliance
 s - 5 potions of curing
 t - a potion of porridge
 x - 4 potions of cure mutation
 A - 2 potions of berserk rage
 G - 6 potions of agility
 I - a potion of haste
 K - a potion of flight
 P - 2 potions of magic
 U - 2 potions of restore abilities
 Y - a potion of cancellation


   Skills:
 * Level 15.5 Fighting
 * Level 17.9 Maces & Flails
 * Level 15.8 Armour
   Level 3.6 Shields
 + Level 0.4 Evocations


You had 13 spell levels left.
You didn't know any spells.

Dungeon Overview and Level Annotations

Branches:
Dungeon (13/15)            Temple (1/1) D:4             Orc (3/4) D:9
   Lair (6/8) D:11          Swamp (0/5) Lair:3       Spider (0/5) Lair:3
 Vaults (0/5) D:13
    Elf: Orc:3-4      Slime: Lair:6-8

Altars:
Ashenzari
Cheibriados
Dithmenos
Elyvilon
Fedhas
Kikubaaqudgha
Makhleb
Nemelex Xobeh
Okawaru
Qazlal
Sif Muna
Trog
Vehumet
Xom
Yredelemnul
Zin
The Shining One

Shops:
D:5 *   D:8 :

Annotations:
Orc:3 Josephine


Innate Abilities, Weirdness & Mutations

You reflexively headbutt those who attack you in melee.
You have a pair of horns on your head.
Armour fits poorly on your strangely shaped body.


Message History

The orc zombie hits you but does no damage.
A goblin zombie comes into view. It is wielding a club.
You puncture the goblin zombie!
You destroy the goblin zombie!
The goblin zombie hits you but does no damage.
Josephine zaps a wand.
The puff of flame hits you!
* * * LOW HITPOINT WARNING * * *
You bludgeon the goblin zombie!!
You destroy the goblin zombie!
The orc zombie hits you but does no damage.
The orc skeleton hits you but does no damage.
An orc and an ogre come into view.
The orc shouts!
The ogre shouts!
Josephine is infused with unholy energy.
* * * LOW HITPOINT WARNING * * *
Josephine draws life force from you and is healed!
You puncture Josephine!
Josephine is severely wounded.
Josephine is infused with unholy energy.
You die...

####...#.## #### #
#.........## ##.#.>.
.###.........# #.......
#.#..........###........
......#.......##....Oo..
))....##.............#
<)..#####...(.(......#
....# #..$.....@....#
...### ##.......@...##
...#.###.....$..Z....#
......##.......)Z.....#
.)...##......##.........
.............#..........
..........$..##........
#.......$...####.#....
#........ ####..
##...... .


You could see Josephine, an ogre, an orc, an orc zombie and an orc skeleton.

Vanquished Creatures
  Snorg (Orc:1)
  5 vault guards (D:13)
  Fannar (Lair:4)
  2 centaur warriors (D:13)
  Erica (Lair:4)
  An ogre mage (D:13)
  2 hydras
  3 death yaks (Lair:5)
  A catoblepas (D:13)
  An orc knight (Orc:1)
  Pikel (D:9)
  4 hill giants
  2 wizards
  A griffon (Lair:5)
  2 ugly things (D:13)
  Joseph (D:9)
  5 spiny frogs
  A yaktaur (D:13)
  A gargoyle (D:10)
  2 fire drakes
  5 komodo dragons
  A yaktaur (shapeshifter) (D:13)
  The ghost of mopl the Caregiver, an experienced OpHe of Elyvilon (D:6)
  5 trolls
  A troll (shapeshifter) (D:11)
  A trapdoor spider (D:12)
  6 blink frogs
  A basilisk (Lair:1)
  A redback (Lair:3)
  A spriggan (D:7)
  2 deep elf magi (D:9)
  24 yaks
  2 humans (D:13)
  A steam dragon (D:9)
  42 wolves
  10 hippogriffs
  Grum (D:8)
  A wyvern (D:10)
  A hungry ghost (D:10)
  6 swamp worms (Lair:3)
  A warg (Orc:1)
  9 water moccasins
  A mottled dragon (D:12)
  3 ice beasts
  12 porcupines
  3 black bears
  6 sky beasts
  3 spiders (Lair:3)
  10 orc warriors
  4 slaves (D:9)
  12 centaurs
  4 phantoms
  A manticore skeleton (D:11)
  18 ogres
  Duvessa (D:8)
  4 crocodiles
  2 big kobolds
  19 giant frogs
  A cyclops skeleton (D:11)
  2 eyes of draining
  6 scorpions
  3 electric eels
  4 wights (D:6)
  Dowan (D:8)
  A quasit (D:10)
  A crimson imp (D:11)
  A gnoll shaman (D:6)
  9 orc priests
  An elf zombie (D:11)
  10 hounds
  12 sheep
  Natasha (twice) (D:5)
  16 orc wizards
  5 iguanas
  6 worker ants
  An orange rat (D:5)
  An ogre zombie (D:6)
  Ijyb (D:3)
  2 big kobold zombies
  A mummy (D:6)
  15 adders
  9 gnolls (D:6)
  3 shadow imps
  56 green rats
  2 giant mites
  An adder skeleton (D:7)
  79 orcs
  14 bats
  A bat zombie (D:6)
  6 giant cockroaches
  14 goblins
  26 hobgoblins
  10 quokkas
  9 giant geckos
  5 giant newts
  2 giant spores (D:12)
  A goblin skeleton (D:3)
  2 goblin zombies (Orc:3)
  22 kobolds
  An orc simulacrum (Orc:3)
  2 orc skeletons
  3 orc zombies
  31 rats
  A rat skeleton (D:4)
  8 ballistomycetes
  A fungus (Lair:2)
675 creatures vanquished.

Vanquished Creatures (others)
  A giant spore (D:8)
  A fungus (Lair:1)
2 creatures vanquished.

Grand Total: 677 creatures vanquished

Notes
Turn   | Place    | Note
--------------------------------------------------------------
     0 | D:1      | Heini, the Minotaur Fighter, began the quest for the Orb.
     0 | D:1      | Reached XP level 1. HP: 19/19 MP: 1/1
   224 | D:1      | Reached XP level 2. HP: 18/27 MP: 1/1
   256 | D:1      | Reached skill level 4 in Armour
   733 | D:2      | Reached XP level 3. HP: 31/33 MP: 2/2
  1253 | D:3      | Found a shattered altar of Ashenzari.
  1371 | D:3      | Found a sparkling altar of Nemelex Xobeh.
  1449 | D:3      | Reached XP level 4. HP: 27/41 MP: 2/2
  1626 | D:3      | Found a shimmering altar of Xom.
  1772 | D:3      | Reached skill level 5 in Armour
  1833 | D:3      | Noticed a centaur
  1840 | D:3      | Killed a centaur
  1840 | D:3      | Reached skill level 5 in Fighting
  1840 | D:3      | Reached XP level 5. HP: 19/48 MP: 2/2
  2053 | D:3      | Noticed Ijyb
  2065 | D:3      | Killed Ijyb
  2182 | D:4      | Found a shadowy altar of Dithmenos.
  2300 | D:4      | Found a staircase to the Ecumenical Temple.
  2312 | Temple   | Entered the Ecumenical Temple
  2522 | D:4      | Reached skill level 6 in Armour
  2585 | D:4      | Reached XP level 6. HP: 50/56 MP: 3/3
  2665 | D:5      | Entered Level 5 of the Dungeon
  2665 | D:5      | Found Simiduoz's Assorted Antiques.
  2853 | D:5      | Reached skill level 5 in Maces & Flails
  2853 | D:5      | Reached XP level 7. HP: 27/63 MP: 3/3
  2939 | D:5      | Found an ancient bone altar of Kikubaaqudgha.
  3017 | D:5      | Reached skill level 7 in Armour
  3039 | D:5      | Noticed Natasha
  3047 | D:5      | Killed Natasha
  3661 | D:5      | Noticed Natasha
  3665 | D:5      | Killed Natasha
  4008 | D:6      | Found an iron altar of Okawaru.
  4016 | D:6      | Reached XP level 8. HP: 65/73 MP: 3/3
  4021 | D:6      | Became a worshipper of Warmaster Okawaru
  4234 | D:6      | Noticed mopl's ghost (experienced OpHe)
  4244 | D:6      | Killed mopl's ghost
  4244 | D:6      | Acquired Okawaru's first power
  4244 | D:6      | Reached skill level 8 in Maces & Flails
  4335 | D:6      | Reached skill level 9 in Maces & Flails
  4472 | D:6      | Reached XP level 9. HP: 66/82 MP: 4/4
  5073 | D:6      | Reached skill level 10 in Maces & Flails
  5791 | D:7      | Reached skill level 10 in Fighting
  5802 | D:7      | Got a transparent platinum amulet
  5825 | D:7      | Reached skill level 11 in Maces & Flails
  6171 | D:7      | Reached XP level 10. HP: 63/94 MP: 4/4
  6614 | D:7      | Found a burning altar of Makhleb.
  7063 | D:8      | Noticed Duvessa
  7064 | D:8      | Noticed Dowan
  7070 | D:8      | Killed Duvessa
  7073 | D:8      | Killed Dowan
  7120 | D:8      | Noticed Grum
  7133 | D:8      | Killed Grum
  7496 | D:8      | Reached skill level 12 in Maces & Flails
  7885 | D:8      | Found Dizogog's Book Shoppe.
  8065 | D:9      | Found a staircase to the Orcish Mines.
  8113 | D:9      | Noticed Joseph
  8129 | D:9      | Killed Joseph
  8129 | D:9      | Reached skill level 10 in Armour
  8597 | D:9      | Found a burning altar of Makhleb.
  8692 | D:9      | Noticed Pikel
  8739 | D:9      | Killed Pikel
  8918 | D:9      | Acquired Okawaru's second power
  9421 | D:10     | Entered Level 10 of the Dungeon
  9431 | D:10     | Reached XP level 11. HP: 77/104 MP: 4/4
  9556 | D:10     | Reached skill level 13 in Maces & Flails
  9626 | D:10     | Noticed a hill giant
  9634 | D:10     | Killed a hill giant
  9634 | D:10     | Received a gift from Okawaru
 10175 | D:11     | Received a gift from Okawaru
 10317 | D:11     | Identified the amulet "Xeorostra" {Ward +Blink +Rage +Fly rPois rN+ Slay-4} (You found it on level 7 of the Dungeon)
 10360 | D:11     | Gained mutation: Armour fits poorly on your strangely shaped body. [mutagenic glow]
 10595 | D:11     | Found a staircase to the Lair.
 10882 | D:11     | Noticed a hill giant
 10890 | D:11     | Killed a hill giant
 11022 | D:11     | Reached skill level 14 in Maces & Flails
 11705 | D:12     | Noticed a hill giant
 11715 | D:12     | Killed a hill giant
 11927 | D:13     | Noticed a wizard
 11927 | D:13     | Noticed an ogre mage
 11927 | D:13     | Noticed a vault guard
 11934 | D:13     | Killed a vault guard
 11934 | D:13     | Reached XP level 12. HP: 81/115 MP: 5/5
 11936 | D:13     | Killed a wizard
 11940 | D:13     | Killed an ogre mage
 11964 | D:13     | Noticed a vault guard
 11989 | D:13     | Killed a vault guard
 11989 | D:13     | Reached skill level 15 in Maces & Flails
 12295 | D:13     | Found a gate to the Vaults.
 12295 | D:13     | Noticed a vault guard
 12296 | D:13     | Noticed a vault guard
 12307 | D:13     | Killed a vault guard
 12325 | D:13     | Killed a vault guard
 12549 | D:13     | Noticed a vault guard
 12557 | D:13     | Killed a vault guard
 12772 | D:13     | Received a gift from Okawaru
 12907 | D:13     | Noticed a catoblepas
 12923 | D:13     | Killed a catoblepas
 13178 | D:13     | Noticed a centaur warrior
 13189 | D:13     | Killed a centaur warrior
 13471 | D:13     | Noticed a centaur warrior
 13486 | D:13     | Killed a centaur warrior
 13934 | Lair:1   | Entered Level 1 of the Lair of Beasts
 14005 | Lair:1   | Reached skill level 16 in Maces & Flails
 14280 | Lair:1   | Reached XP level 13. HP: 124/124 MP: 5/5
 14732 | Lair:1   | Received a gift from Okawaru
 17080 | Lair:3   | Found a hole to the Spider Nest.
 17092 | Lair:3   | Received a gift from Okawaru
 17450 | Lair:3   | Found a staircase to the Swamp.
 17992 | Lair:4   | Noticed Fannar
 17993 | Lair:4   | Reached skill level 17 in Maces & Flails
 17999 | Lair:4   | Killed Fannar
 18019 | Lair:4   | Noticed Erica
 18032 | Lair:4   | Killed Erica
 18032 | Lair:4   | Reached skill level 15 in Armour
 18391 | Lair:4   | Reached skill level 15 in Fighting
 20495 | Lair:5   | Reached XP level 14. HP: 18/135 MP: 5/5
 21082 | Orc:1    | Entered Level 1 of the Orcish Mines
 21276 | Orc:2    | Found an iron altar of Okawaru.
 21488 | Orc:1    | Noticed Snorg
 21500 | Orc:1    | Killed Snorg
 21586 | Orc:1    | Received a gift from Okawaru
 21952 | Orc:3    | Noticed Josephine
 21967 | Orc:3    | HP: 6/135 [Josephine/vampiric draining (18)]
 21968 | Orc:3    | Killed from afar by Josephine

Action                   |  1- 3 |  4- 6 |  7- 9 | 10-12 | 13-15 || total
-------------------------+-------+-------+-------+-------+-------++-------
Melee: Flail             |   114 |   129 |   375 |   735 |       ||  1353
       Dire flail        |       |       |       |   157 |   737 ||   894
Invok: Heroism           |       |       |       |     1 |       ||     1
Evoke: Wand              |       |       |       |     3 |       ||     3
  Use: Scroll            |     4 |     7 |     5 |    12 |     7 ||    35
       Potion            |       |     1 |     1 |     1 |     5 ||     8
 Stab: Distracted        |       |       |       |     1 |       ||     1
  Eat: Chunk             |     2 |    10 |    11 |    31 |    25 ||    79
